 Dungeon Crawl Stone Soup version 0.26-a0-43-g20b394c (webtiles) character file.

Game seed: 6994491006505613547

2104 thirtiethelement the Skirmisher (level 9, -9/73 HPs)
             Began as a Gnoll Abyssal Knight on June 4, 2020.
             Was an Elder of Lugonu.
             Mangled by Menkaure (16 damage)
             ... on level 5 of the Dungeon.
             The game lasted 00:16:11 (6050 turns).

thirtiethelement the Skirmisher (GnAK)              Turns: 6050, Time: 00:16:12

Health: -9/73      AC:  9    Str: 18    XL:     9   Next: 28%
Magic:  14/15      EV: 16    Int: 21    God:    Lugonu [****..]
Gold:   323        SH:  0    Dex: 14    Spells: 16/16 levels left

rFire    + . .     SeeInvis .   w - +2 long sword (vamp)
rCold    + + .     Gourm    .   (no shield)
rNeg     . . .     Faith    .   C - +3 leather armour {rF+}
rPois    .         Spirit   .   j - +1 helmet
rElec    .         Reflect  .   (no cloak)
rCorr    .         Harm     .   (no gloves)
MR       .....                  (no boots)
Stlth    ++........             (no amulet)
HPRegen  0.22/turn              e - +6 ring of intelligence
MPRegen  0.14/turn              b - ring of protection from cold

@: no status effects
A: distributed training, fangs 1, repulsion field 1, cold resistance 1, strong
nose
a: Depart the Abyss, Bend Space, Banish, Corrupt, Renounce Religion


You were on level 5 of the Dungeon.
You worshipped Lugonu.
Lugonu was greatly pleased with you.
You were not hungry.

You visited 1 branch of the dungeon, and saw 6 of its levels.
You visited the Abyss 1 time.
You also visited: Sewer.

You collected 323 gold pieces.

Inventory:

Hand Weapons
 l - a +3 short sword
 w - a +2 vampiric long sword (weapon)
Missiles
 o - 13 javelins (quivered)
Armour
 j - a +1 helmet (worn)
 C - a +3 leather armour of fire resistance (worn)
Jewellery
 b - a ring of protection from cold (right hand)
 e - a +6 ring of intelligence (left hand)
Wands
 a - a wand of enslavement (14)
 t - a wand of iceblast (10)
 y - a wand of flame (11)
Scrolls
 g - 3 scrolls of remove curse
 i - 5 scrolls of teleportation
 p - a scroll of blinking
 r - a scroll of magic mapping
 v - 2 scrolls of identify
 x - a scroll of fear
 A - a scroll of fog
 D - a scroll of enchant weapon
Potions
 d - 2 potions of haste
 f - 2 potions of stabbing
 h - 5 potions of heal wounds
 k - a potion of resistance {unknown}
 m - a potion of ambrosia
 n - a potion of magic {unknown}
 q - a potion of invisibility
 s - 4 potions of flight
 u - 3 potions of might {unknown}
 z - 3 potions of curing
Comestibles
 c - 4 rations
 B - 3 chunks of flesh


   Skills:
 + Level 7.7 Fighting
 + Level 4.0 Short Blades
 + Level 6.1 Long Blades
 + Level 4.0 Axes
 + Level 4.0 Maces & Flails
 + Level 4.0 Polearms
 + Level 4.0 Staves
 + Level 4.0 Slings
 + Level 4.0 Bows
 + Level 4.0 Crossbows
 + Level 4.0 Throwing
 + Level 6.1 Armour
 + Level 4.8 Dodging
 + Level 4.0 Stealth
 + Level 4.0 Shields
 + Level 4.0 Unarmed Combat
 + Level 4.0 Spellcasting
 + Level 3.3 Conjurations
 + Level 3.3 Hexes
 + Level 3.3 Charms
 + Level 3.3 Summonings
 + Level 3.3 Necromancy
 + Level 3.3 Translocations
 + Level 3.3 Transmutations
 + Level 3.3 Fire Magic
 + Level 3.3 Ice Magic
 + Level 3.3 Air Magic
 + Level 3.3 Earth Magic
 + Level 3.3 Poison Magic
 + Level 6.4 Invocations
 + Level 4.0 Evocations


You had 16 spell levels left.
You didn't know any spells.
Your spell library was empty.

Dungeon Overview and Level Annotations

Branches:
Dungeon (6/15)              Sewer (visited)
 Temple: D:4-7

Altars:
Sif Muna
Xom

Annotations:
D:5 Menkaure


Innate Abilities, Weirdness & Mutations

Your experience applies equally to all skills.
You have very sharp teeth.
Your uncanny sense of smell can sniff out nearby items.
You are surrounded by a mild repulsion field. (EV +2)
Your flesh is cold resistant. (rC+)


Message History

Your Evocations skill increases to level 4!
Menkaure barely misses you. The iguana completely misses you.
You barely miss the iguana.
The iguana is heavily wounded.
Menkaure misses you. The iguana bites you.
Menkaure hits you but does no damage.
You barely miss the iguana. You bite the iguana.
The iguana is heavily wounded.
The iguana closely misses you. Menkaure misses you.
You riposte.
You closely miss Menkaure. You hit the iguana.
You feel better.
You bite the iguana, but do no damage.
The iguana is heavily wounded.
The iguana bites you. Menkaure completely misses you. The iguana bites you!
* * * LOW HITPOINT WARNING * * *
You closely miss the iguana. You bite the iguana, but do no damage.
The iguana is heavily wounded.
Menkaure misses you. The iguana bites you!
* * * LOW HITPOINT WARNING * * *
Menkaure hits you!
You die...

####.#.######.#####
##.....## #
#..###.##........#
##...## #
#.#.#.###.##.###.# ##'##
# #.##.## #.##.# #.# #.#
# #.#### #.##.# #.# #.# #
#.# ##.##.###.# ##.## #
##.# #.........# ##...##
# ...#
#.###.#M#######.)...#
#### #.#
#.#.@l.........## ### #.#
#.#†.######.#.## ##.# #.#
#.)...>.###.#.####.#. #.#
###..##......)....###
#.#####..######.#)####.#.
#........######.#.# ##.#
##
########........#.#######
.# ##########.#..(...
.#### #.......#.#####


You could see Menkaure (fast) and an iguana.

Vanquished Creatures
  Pikel (D:5)
  A wyvern (D:5)
  Eustachio (D:5)
  2 bullfrogs (Sewer)
  Blork the orc (D:4)
  Dowan (D:4)
  2 scorpions
  4 crimson imps (D:3)
  A quasit (Abyss:1)
  A hound (D:4)
  2 orc priests (D:5)
  5 orc wizards
  Natasha (thrice) (D:4)
  Ijyb (D:4)
  2 worker ants
  4 gnolls
  11 adders
  3 river rats (Sewer)
  5 oozes
  2 adder skeletons (D:4)
  3 worms
  5 dart slugs
  7 leopard geckos
  10 orcs
  10 bats
  5 giant cockroaches
  4 goblins
  8 hobgoblins
  10 jackals
  3 quokkas
  13 ball pythons
  5 frilled lizards
  A jackal zombie (D:2)
  6 kobolds
  38 rats
181 creatures vanquished.

Vanquished Creatures (others)
  Duvessa (D:4)
  3 orcs (D:5)
4 creatures vanquished.

Grand Total: 185 creatures vanquished

Notes
Turn   | Place    | Note
-------+----------+-------------------------------------------
     0 | Abyss:1  | thirtiethelement the Gnoll Abyssal Knight began the quest
                  | for the Orb.
     0 | Abyss:1  | Reached XP level 1. HP: 23/23 MP: 3/3
    50 | Abyss:1  | Noticed a quasit
    66 | Abyss:1  | Killed a quasit
    66 | Abyss:1  | Reached XP level 2. HP: 18/29 MP: 5/5
    66 | Abyss:1  | Reached XP level 3. HP: 21/35 MP: 6/6
   109 | Abyss:1  | Noticed a thrashing horror
   112 | D:1      | Escaped the Abyss
   669 | D:1      | Reached * piety under Lugonu
   859 | D:1      | Reached skill level 1 in Short Blades
   859 | D:1      | Reached skill level 1 in Axes
   859 | D:1      | Reached skill level 1 in Maces & Flails
   859 | D:1      | Reached skill level 1 in Polearms
   859 | D:1      | Reached skill level 1 in Staves
   859 | D:1      | Reached skill level 1 in Slings
   859 | D:1      | Reached skill level 1 in Bows
   859 | D:1      | Reached skill level 1 in Crossbows
   859 | D:1      | Reached skill level 1 in Throwing
   859 | D:1      | Reached skill level 1 in Stealth
   859 | D:1      | Reached skill level 1 in Shields
   859 | D:1      | Reached skill level 1 in Unarmed Combat
   859 | D:1      | Reached skill level 1 in Spellcasting
   859 | D:1      | Reached skill level 1 in Evocations
   859 | D:1      | Reached XP level 4. HP: 37/41 MP: 7/7
  1430 | D:2      | Reached skill level 1 in Conjurations
  1430 | D:2      | Reached skill level 1 in Hexes
  1430 | D:2      | Reached skill level 1 in Charms
  1430 | D:2      | Reached skill level 1 in Summonings
  1430 | D:2      | Reached skill level 1 in Necromancy
  1430 | D:2      | Reached skill level 1 in Translocations
  1430 | D:2      | Reached skill level 1 in Transmutations
  1430 | D:2      | Reached skill level 1 in Fire Magic
  1430 | D:2      | Reached skill level 1 in Ice Magic
  1430 | D:2      | Reached skill level 1 in Air Magic
  1430 | D:2      | Reached skill level 1 in Earth Magic
  1430 | D:2      | Reached skill level 1 in Poison Magic
  1734 | D:2      | Reached ** piety under Lugonu
  1776 | D:2      | Reached XP level 5. HP: 46/47 MP: 8/8
  1878 | D:2      | Gained mutation: You are surrounded by a mild repulsion
                  | field. (EV +2) [potion of mutation]
  1878 | D:2      | Gained mutation: Your flesh is cold resistant. (rC+)
                  | [potion of mutation]
  2783 | D:3      | Found a shimmering altar of Xom.
  2800 | D:3      | Reached skill level 5 in Invocations
  2800 | D:3      | Reached XP level 6. HP: 42/53 MP: 9/9
  3199 | D:3      | Reached skill level 5 in Long Blades
  3199 | D:3      | Reached skill level 5 in Armour
  3288 | D:4      | Noticed Duvessa
  3289 | D:4      | Noticed Dowan
  3302 | D:4      | Killed Duvessa
  3309 | D:4      | Killed Dowan
  3309 | D:4      | Reached XP level 7. HP: 34/59 MP: 10/10
  3473 | D:4      | Noticed Natasha
  3487 | D:4      | Killed Natasha
  3527 | D:4      | Found a glowing drain.
  3528 | D:4      | Noticed Ijyb
  3529 | D:4      | Noticed Natasha
  3541 | D:4      | Killed Ijyb
  3542 | D:4      | Killed Natasha
  3542 | D:4      | Reached skill level 7 in Fighting
  3628 | D:4      | Noticed Blork the orc
  3637 | D:4      | Killed Blork the orc
  3732 | D:4      | Noticed Natasha
  3735 | D:4      | Reached *** piety under Lugonu
  3739 | D:4      | Killed Natasha
  3839 | Sewer    | Entered a sewer
  4141 | Sewer    | Reached **** piety under Lugonu
  4268 | Sewer    | Reached XP level 8. HP: 49/67 MP: 12/12
  4816 | D:5      | Entered Level 5 of the Dungeon
  4970 | D:5      | Noticed Pikel
  4986 | D:5      | Killed Pikel
  5375 | D:5      | Reached XP level 9. HP: 63/72 MP: 14/14
  5407 | D:5      | Found a shimmering blue altar of Sif Muna.
  5578 | D:5      | Noticed Eustachio
  5591 | D:5      | Killed Eustachio
  6032 | D:6      | Noticed Menkaure
  6050 | D:5      | Mangled by Menkaure

Illustrated notes

Levels and vault maps discovered:
D:1:      dpeg_arrival_arbitrary_c, layout_basic
D:2:      layout_loops_ring
D:3:      layout_rooms, led_xom_imps
D:4:      layout_rooms, first_ration, portal_sewer_entry_a, uniq_blork_the_orc,
          uniq_natasha, uniq_duvessa, uniq_ijyb
D:5:      layout_loops_corners, basic_altar, uniq_eustachio, uniq_pikel
D:6:      layout_basic, minmay_temple_entry_junction, hangedman_decor_push,
          uniq_menkaure, uniq_sigmund, uniq_edmund, uniq_grinder

Skill      XL: |  1  2  3  4  5  6  7  8  9 |
---------------+----------------------------+-----
Short Blades   | 1 2 3 4 |  4.0
Axes           | 1 2 3 4 |  4.0
Maces & Flails | 1 2 3 4 |  4.0
Polearms       | 1 2 3 4 |  4.0
Staves         | 1 2 3 4 |  4.0
Slings         | 1 2 3 4 |  4.0
Bows           | 1 2 3 4 |  4.0
Crossbows      | 1 2 3 4 |  4.0
Throwing       | 1 2 3 4 |  4.0
Stealth        | 1 2 3 4 |  4.0
Shields        | 1 2 3 4 |  4.0
Unarmed Combat | 1 2 3 4 |  4.0
Spellcasting   | 1 2 3 4 |  4.0
Evocations     | 1 2 3 4 |  4.0
Conjurations   | 1 2 3 |  3.3
Hexes          | 1 2 3 |  3.3
Charms         | 1 2 3 |  3.3
Summonings     | 1 2 3 |  3.3
Necromancy     | 1 2 3 |  3.3
Translocations | 1 2 3 |  3.3
Transmutations | 1 2 3 |  3.3
Fire Magic     | 1 2 3 |  3.3
Ice Magic      | 1 2 3 |  3.3
Air Magic      | 1 2 3 |  3.3
Earth Magic    | 1 2 3 |  3.3
Poison Magic   | 1 2 3 |  3.3
Dodging        | 3 4 |  4.8
Invocations    | 5 6 |  6.4
Long Blades    | 5 6 |  6.1
Armour         | 5 6 |  6.1
Fighting       | 7 |  7.7

Action                   |  1- 3 |  4- 6 |  7- 9 || total
-------------------------+-------+-------+-------++-------
Melee: Falchion          |    43 |   196 |    38 ||   277
       Bite              |     6 |    21 |    39 ||    66
       Punch             |       |     2 |     6 ||     8
       Long sword        |       |       |   246 ||   246
Throw: Dart              |     1 |       |       ||     1
       Javelin           |       |     8 |    12 ||    20
Invok: Depart the Abyss  |     1 |       |       ||     1
  Use: Scroll            |       |     6 |    12 ||    18
       Potion            |       |     3 |       ||     3
 Stab: Sleeping          |       |     3 |     8 ||    11
       Distracted        |       |       |     2 ||     2
  Eat: Chunk             |       |     7 |    11 ||    18
Armor: Leather armour    |     9 |    54 |    66 ||   129
Dodge: Dodged            |    39 |   169 |   277 ||   485
       Rpst.: Falchion   |     7 |    62 |     5 ||    74
       Long sword        |       |       |    73 ||    73

Table legend:
 A = Non-vault XP
 B = Vault XP
 C = Vault XP percentage of total XP
 D = Non-vault monster count
 E = Vault monster count
 F = Vault count percentage of total count
                 A         B        C        D         E       F
            +---------+---------+-------+---------+---------+-------
      Total |    1198 |    1808 |  60.1 |     118 |      64 |  35.2
            +---------+---------+-------+---------+---------+-------
        D:1 |      65 |       0 |   0.0 |      26 |       0 |   0.0
        D:2 |      89 |       0 |   0.0 |      24 |       0 |   0.0
        D:3 |      57 |     198 |  77.6 |      24 |       4 |  14.3
        D:4 |     237 |     385 |  61.9 |      14 |      10 |  41.7
        D:5 |     583 |     882 |  60.2 |      26 |       2 |   7.1
        D:6 |     122 |       0 |   0.0 |       3 |       0 |   0.0
    Abyss:1 |      45 |       0 |   0.0 |       1 |       0 |   0.0
      Sewer |       0 |     343 | 100.0 |       0 |      48 | 100.0
            +---------+---------+-------+---------+---------+-------
